 Dungeon Crawl Stone Soup version 0.27-a0-1557-g57f10a385c (webtiles) character file.

Game seed: 17311195832097264441

807 Nausicaa the Chiller (level 7, 0/33 HPs)
             Began as a Vine Stalker Transmuter on July 15, 2021.
             Slain by an ice beast (3 damage)
             ... on level 7 of the Dungeon.
             The game lasted 00:23:16 (1478 turns).

Nausicaa the Chiller (Vine Stalker Transmuter)      Turns: 1478, Time: 00:23:16

Health: 0/33       AC:  2    Str: 13    XL:     7   Next: 92%
Magic:  0/11       EV: 12    Int: 15    God:
Gold:   88         SH:  0    Dex: 14    Spells: 3/11 levels left

rFire    . . .     SeeInvis .     - Unarmed
rCold    . . .     Faith    .   (no shield)
rNeg     . . .     Spirit   +   i - +0 robe
rPois    .         Reflect  .   (no helmet)
rElec    .         Harm     .   (no cloak)
rCorr    .         Rampage  .   (no gloves)
Will     .....                  (no boots)
Stlth    +.........             (no amulet)
HPRegen  1.11/turn              (no ring)
MPRegen  0.12/turn              (no ring)

@: no status effects
A: fangs 2, regeneration 1, magic shield, antimagic bite, no potion heal 2
a: no special abilities


You were on level 7 of the Dungeon.
You visited 1 branch of the dungeon, and saw 7 of its levels.

You collected 88 gold pieces.

Inventory:

Hand Weapons
 e - a +1 dagger of draining
Missiles
 d - 116 stones
 g - 18 poisoned darts
 p - 25 sling bullets
Armour
 a - a +0 robe
 b - a +0 tower shield
 i - a +0 robe (worn)
 o - a +0 cloak
Wands
 h - a wand of polymorph (7)
 r - a wand of flame (13)
Scrolls
 k - a scroll of fog
Potions
 l - a potion of might {unknown}
 n - a potion of lignification {unknown}
 s - 2 potions of degeneration {unknown}
 t - 2 potions of magic {unknown}


   Skills:
 - Level 1.3 Fighting
 - Level 1.5 Dodging
 - Level 3.2 Unarmed Combat
 - Level 2.5 Spellcasting
 + Level 5.5 Transmutations
 + Level 5.9 Ice Magic
 - Level 1.6 Poison Magic


You had 3 spell levels left.
You knew the following spells:

 Your Spells              Type           Power      Damage    Failure   Level
a - Beastly Appendage     Tmut           36%        N/A       2%          1
b - Spider Form           Tmut/Pois      6%         N/A       14%         3
c - Ice Form              Ice/Tmut       19%        N/A       21%         4

Your spell library contained the following spells:

 Spells                   Type           Power      Damage    Failure   Level
 Wereblood                Tmut           18%        N/A       3%          2
 Passwall                 Tmut/Erth      8%         N/A       11%         2
 Magic Dart               Conj           4%         1d3       22%         1
 Searing Ray              Conj           2%         3d3       32%         2
 Swiftness                Air            1%         N/A       54%         3
 Fulminant Prism          Conj/Hex       0%         3d6       91%         4
 Iskenderun's Battlesphe  Conj           1%         2d6       99%         5
 Invisibility             Hex            0%         N/A       100%        6
 Iron Shot                Conj/Erth      0%         9d1       100%        6
 Spellforged Servitor     Conj/Summ      0%         N/A       100%        7


Dungeon Overview and Level Annotations

Branches:
Dungeon (7/15)
 Temple: D:4-7

Altars:
Uskayaw

Annotations:
D:4 Eustachio


Innate Abilities, Weirdness & Mutations

You have extremely sharp teeth.
Your natural rate of healing is unusually fast.
When hurt, damage is shared between your health and your magic reserves.
Your bite disrupts and absorbs the magic of your enemies.
Potions cannot restore your health.


Message History

The ice beast freezes your ufetubus.
Your ufetubus resists.
Your jelly closely misses the adder.
As you read the scroll labelled GAOSYVVAIRI, it crumbles to dust.
It is a scroll of amnesia.
Really abort (and waste the scroll)? [Y]es or [N]o only, please.
Really abort (and waste the scroll)? [Y]es or [N]o only, please.
Really abort (and waste the scroll)? [Y]es or [N]o only, please.
Really abort (and waste the scroll)?
Okay, then.
Your ufetubus hits the orc.
The orc dies!
The adder bites your ogre. The orc barely misses your ogre.
The ice beast hits your ufetubus.
Your ufetubus dies!
The wraith hits your ogre!
Your ogre dies!
Your ogre's corpse dissolves into shadows!
Your jelly hits the adder.
The adder is splashed with acid!
The adder dies!
Unknown command.
As you read the scroll labelled ESSOBR XAAF, it crumbles to dust.
It is a scroll of identify.
k - a scroll of fog
As you read the scroll labelled SAGUPLANT COTEWONT, it crumbles to dust.
The creatures around you are filled with an inner flame!
It was a scroll of immolation.
Your jelly hits the orc but does no damage.
The ice beast hits you.
* * * LOW HITPOINT WARNING * * *
The ice beast freezes you!
* * * LOW HITPOINT WARNING * * *
As you read the scroll labelled GAJIYL DIDDU, it crumbles to dust.
It is a scroll of enchant weapon.
Your +0 dagger of draining glows red for a moment.
The ice beast hits you.
You die...

## ####.###
##......### ##
#...(.....##.#
..........#.#
........J...#
.......<)o.##
........oY@.#
........oW..#
.........o.##
..........##
.........##
.......###
....... ......
..##


You could see a wraith (inner flame), an ice beast (inner flame), 4 orcs and a
friendly jelly (summoned, inner flame).

Vanquished Creatures
  Pikel (D:5)
  A lemure (D:5)
  A wyvern zombie (D:6)
  A bullfrog (D:6)
  2 electric eels (D:6)
  An iguana (D:6)
  Jessica (D:3)
  A gnoll (D:5)
  2 adders (D:4)
  An ufetubus (D:6)
  A dart slug (D:2)
  4 orcs (D:3)
  6 ball pythons
  2 endoplasms (D:3)
  A giant cockroach (D:3)
  5 hobgoblins
  6 jackals
  2 kobolds
  2 quokkas (D:1)
  4 bats
  2 frilled lizards
  3 goblins
  4 rats (D:1)
54 creatures vanquished.

Vanquished Creatures (collateral kills)
  An adder (D:7)
  An orc (D:7)
2 creatures vanquished.

Grand Total: 56 creatures vanquished

Notes
Turn   | Place    | Note
-------+----------+-------------------------------------------
     0 | D:1      | Nausicaa the Vine Stalker Transmuter began the quest for
                  | the Orb.
     0 | D:1      | Reached XP level 1. HP: 9/9 MP: 4/4
    25 | D:1      | Reached skill level 1 in Fighting
    50 | D:1      | Reached XP level 2. HP: 7/14 MP: 3/6
   261 | D:1      | Reached XP level 3. HP: 7/18 MP: 5/7
   265 | D:1      | Learned a level 3 spell: Spider Form
   475 | D:3      | Found a hide-covered altar of Uskayaw.
   475 | D:3      | Noticed Jessica
   478 | D:3      | Killed Jessica
   479 | D:3      | Reached skill level 1 in Poison Magic
   578 | D:5      | Entered Level 5 of the Dungeon
   587 | D:5      | Noticed a lemure
   587 | D:5      | Noticed a lemure
   700 | D:3      | Gained mutation: Your natural rate of healing is unusually
                  | fast. [Vine Stalker growth]
   700 | D:3      | Reached XP level 4. HP: 15/22 MP: 8/8
   709 | D:3      | Learned a level 4 spell: Ice Form
   866 | D:3      | Found a faded altar of an unknown god.
   992 | D:4      | Reached skill level 1 in Ice Magic
  1038 | D:4      | Noticed Eustachio
  1116 | D:4      | Noticed a two-headed ogre
  1214 | D:5      | Noticed a lemure
  1214 | D:5      | Noticed a lemure
  1214 | D:5      | Noticed Pikel
  1225 | D:5      | Killed a lemure
  1233 | D:5      | Killed Pikel
  1234 | D:5      | Reached skill level 5 in Ice Magic
  1234 | D:5      | Reached XP level 5. HP: 13/25 MP: 1/9
  1234 | D:5      | Reached XP level 6. HP: 16/30 MP: 1/10
  1234 | D:5      | Reached XP level 7. HP: 17/33 MP: 1/11
  1283 | D:6      | Reached skill level 5 in Transmutations
  1470 | D:7      | Noticed a wraith
  1478 | D:7      | Slain by an ice beast

Illustrated notes

Levels and vault maps discovered:
D:1:      ebering_hopf_link, layout_rooms
D:2:      layout_loops_corners, basic_altar
D:3:      minmay_razor_zed, layout_loops_ring,
          mainiacjoe_overflow_six_doors_small,
          hellmonk_ecumenical_altar_inner_sanctum, minmay_hedge_maze,
          uniq_jessica
D:4:      layout_layer_cave, lemuel_coloured_pillars_altar,
          minmay_temple_entry_statues_fountains, uniq_blork_the_orc,
          uniq_eustachio
D:5:      layout_loops_cross, kennysheep_cross_room, roderic_roman_lattice,
          uniq_sigmund, uniq_pikel
D:6:      layout_cave_pods, minmay_misc_feat_more_columns,
          serial_park_tiny_pond, minivault_14, uniq_menkaure
D:7:      layout_cave_pods, uniq_crazy_yiuf_cottage

Skill      XL: |  1  2  3  4  5  6  7 |
---------------+----------------------+-----
Fighting       | 1 |  1.3
Poison Magic   | 1 |  1.6
Transmutations | 4 5 |  5.5
Ice Magic      | 5 |  5.9
Dodging        | |  1.5
Unarmed Combat | |  3.2
Spellcasting   | |  2.5

Action                   |  1- 3 |  4- 6 |  7- 9 || total
-------------------------+-------+-------+-------++-------
Melee: Unarmed           |    65 |    55 |    28 ||   148
       Kick              |    16 |    12 |     1 ||    29
       Bite              |    12 |     4 |       ||    16
       Headbutt          |     2 |     3 |     1 ||     6
       Punch             |       |     1 |       ||     1
Throw: Dart              |       |     2 |       ||     2
 Cast: Beastly Appendage |    23 |    10 |     1 ||    34
       Spider Form       |       |     4 |     2 ||     6
       Ice Form          |       |       |     1 ||     1
 Abil: End Transformatio |       |     1 |     1 ||     2
Evoke: Wand              |       |       |     5 ||     5
  Use: Scroll            |       |       |     6 ||     6
 Stab: Sleeping          |     1 |       |       ||     1
Armor: Robe              |    18 |    12 |     3 ||    33
       Skin              |       |     1 |     1 ||     2
Dodge: Dodged            |    35 |    22 |    28 ||    85

Table legend: (Time is in decaauts)
 A = Elapsed time spent in this place.
 B = Non-inter-level travel time spent in this place.
 C = Inter-level travel time spent in this place.
 D = Time resting spent in this place.
 E = Time spent auto-exploring this place.
 F = Levels seen in this place.
 G = Mean time per level.
                   A        B        C        D        E       F      G
               +--------+--------+--------+--------+--------+-----+--------+
         Total |   1473 |   1370 |    103 |      3 |      5 |   7 |  210.4 |
       Dungeon |   1473 |   1370 |    103 |      3 |      5 |   7 |  210.4 |
               +--------+--------+--------+--------+--------+-----+--------+

Top non-repeatable levels by time:
     D:3: 462 daAuts
     D:1: 299 daAuts
     D:6: 209 daAuts
     D:4: 208 daAuts
     D:2: 153 daAuts
     D:5: 132 daAuts
     D:7: 7 daAuts
